 Dungeon Crawl Stone Soup version 0.18-a0-971-g0af6217 (webtiles) character file.

19 4thArraOfDagon the Gusty (level 2, -4/20 HPs)
             Began as a Centaur Air Elementalist on Jan 2, 2016.
             Was an Initiate of Yredelemnul.
             Killed from afar by Natasha (7 damage)
             ... with a magic dart
             ... on level 4 of the Dungeon.
             The game lasted 00:05:51 (889 turns).

4thArraOfDagon the Gusty (Centaur Air Elementalist)  Turns: 889, Time: 00:05:51

Health: -4/20      AC:  4    Str: 10    XL:     2   Next: 55%
Magic:  4/4        EV:  9    Int: 12    God:    Yredelemnul [......]
Gold:   41         SH:  0    Dex:  9    Spells: 2 memorised, 1 level left

rFire  . . .     SeeInvis .     g - +0 short sword
rCold  . . .     Gourm    .     a - +0 robe
rNeg   . . .     Faith    .     (no shield)
rPois  .         Spirit   .     (no helmet)
rElec  .         Dismiss  .     (no cloak)
rCorr  .         Reflect  .     (no gloves)
SustAt .         Harm     .     (no barding)
MR     .....                    (no amulet)
Stlth  +.........               (no ring)
                                k - -2 ring of intelligence (curse)

@: repel missiles, very quick, not resistant to hostile enchantments, very
unstealthy
A: hooves 3, deformed body, speed 2, tough skin 3
a: Renounce Religion


You were on level 4 of the Dungeon.
You worshipped Yredelemnul.
Yredelemnul was noncommittal.
You were not hungry.

You visited 2 branches of the dungeon, and saw 6 of its levels.

You collected 41 gold pieces.

Inventory:

Hand Weapons
 g - a +0 short sword (weapon)
Missiles
 i - 45 stones (quivered)
Armour
 a - a +0 robe (worn)
 e - a +0 cloak
Jewellery
 k - a cursed -2 ring of intelligence (left hand)
Potions
 d - a potion of mutation {unknown}
 h - a potion of curing
 j - a potion of heal wounds {unknown}
 l - a potion of lignification {unknown}
Books
 b - a book of Air

   Spells                             Type                      Level
   a - Shock                          Conjuration/Air              1
   b - Swiftness                      Charms/Air                   2
   c - Repel Missiles                 Charms/Air                   2
   d - Static Discharge               Conjuration/Air              3
   e - Lightning Bolt                 Conjuration/Air              5
Comestibles
 c - a bread ration
 f - a meat ration
 m - a slice of pizza


   Skills:
 - Level 1.3 Dodging
 - Level 1.2 Stealth
 - Level 1.5 Spellcasting
 * Level 1.6 Conjurations
 * Level 3.1 Air Magic


You had one spell level left.
You knew the following spells:

 Your Spells              Type           Power        Failure   Level  Hunger
a - Shock                 Conj/Air       #...         12%         1    ##.....
b - Repel Missiles        Chrm/Air       #.....       28%         2    ###....


Dungeon Overview and Level Annotations

Branches:
Dungeon (5/15)             Temple (1/1) D:5

Altars:
Ashenzari
Elyvilon
Fedhas
Gozag
Kikubaaqudgha
Nemelex Xobeh
Okawaru
Pakellas
Qazlal
Trog
Xom
Yredelemnul

Annotations:
D:3 Terence
D:4 Natasha
D:5 Menkaure


Innate Abilities, Weirdness & Mutations

You have hooves in place of feet.
Armour fits poorly on your strangely shaped body.
You cover ground very quickly.
You have extremely tough skin (AC +3).


Message History

Level annotation: Natasha
There is a stone staircase leading down here.
Unknown command.
Eat a chunk of flesh? (ye/n/q/i?) This raw flesh tastes terrible.
You continue eating. x2
Read which item? (? for menu, Esc to quit)
Okay, then.
Natasha hisses angrily.
Found 19 gold pieces and 15 arrows.
Unknown command.
Unknown command.
You now have 41 gold pieces (gained 12).
Unknown command.
Natasha mumbles some strange words.
Unknown command.
Natasha stares at you and mumbles some strange words.
The magic dart hits you!
You die...
Your body rises from the dead as a mindless zombie.

#..P.........
###+#+##...P.###...#
..(....##.P...#.....
...........P.......
.$..........(...P##
###....#>##PP...
#.5h.####.....
###....# #@.....#
#......# #.....##
#.....# #.....#
#.....# #######


You could see Natasha and a crimson imp.

Vanquished Creatures
  A giant cockroach (D:2)
  3 hobgoblins (D:2)
  4 jackals
  A quokka (D:5)
  A ball python (D:1)
  4 bats
  2 kobolds
  2 rats
18 creatures vanquished.

Vanquished Creatures (others)
  4 toadstools (D:1)
4 creatures vanquished.

Grand Total: 22 creatures vanquished

Notes
Turn   | Place    | Note
--------------------------------------------------------------
     0 | D:1      | 4thArraOfDagon the Centaur Air Elementalist began the quest for the Orb.
     0 | D:1      | Reached XP level 1. HP: 14/14 MP: 3/3
    23 | D:1      | Reached skill level 1 in Conjurations
   206 | D:2      | Reached XP level 2. HP: 8/20 MP: 0/4
   248 | D:2      | Reached skill level 3 in Air Magic
   358 | D:3      | Found a shimmering altar of Xom.
   381 | D:4      | Learned a level 2 spell: Repel Missiles
   414 | D:3      | Noticed Terence
   416 | D:3      | Found an opulent altar of Gozag.
   449 | D:4      | 4thArraOfDagon: its not about that game
   449 | D:4      | 4thArraOfDagon: its about sense of life
   468 | D:4      | 4thArraOfDagon: i'm feeling it in my guts
   510 | D:5      | Entered Level 5 of the Dungeon
   511 | D:5      | Noticed a centaur
   532 | D:4      | you must live!
   535 | D:4      | jacquesderrida: Take his bow
   551 | D:4      | jacquesderrida: Wear his skin
   557 | D:4      | jacquesderrida: Become him
   570 | D:4      | jacquesderrida: They won't know
   570 | D:4      | Found an ancient bone altar of Kikubaaqudgha.
   570 | D:4      | Noticed Natasha
   614 | D:5      | jacquesderrida: And then they'll fall down with arrows in throats
   626 | D:5      | jacquesderrida: YOu must survive
   644 | D:5      | jacquesderrida: And become KENTARO
   658 | D:5      | Found a staircase to the Ecumenical Temple.
   663 | Temple   | Entered the Ecumenical Temple
   677 | Temple   | Became a worshipper of Yredelemnul the Dark
   828 | D:5      | Noticed Menkaure
   829 | D:5      | free torment!
   889 | D:4      | Noticed a crimson imp
   889 | D:4      | Killed from afar by Natasha

Vault maps used:
D:1:      ldierk_water_garden
D:2:      nicolae_ru_the_path_less_chosen, zin_treasury, st_stairs_4,
          minmay_goblin_kobold_house
D:3:      nicolae_overflow_crystal_walls, old_standard_altar,
          lemuel_coloured_pillars_altar, uniq_terence
D:4:      kiku_gazebo_garden_becter, first_bread, uniq_natasha
D:5:      temple_doors_c, uniq_menkaure
Temple:   circular_temple_12

Action                   || total
-------------------------++-------
Melee: Short sword       ||    43
       Mace              ||     8
 Cast: Shock             ||    12
       Repel Missiles    ||     1
  Use: Scroll            ||     4
       Potion            ||     2
 Stab: Sleeping          ||     1
  Eat: Chunk             ||     1
